TOP OF THE 1ST |
Mobile BayBears batting - Pitching for Columbia Fireflies : RHP Barney Pederson
|
Pitching: RHP Barney Pederson
|
|
Batting: RHB Carlos Ballesteros
|
0-0: Called Strike 0-1: Ball 1-1: DOUBLE (Line Drive, 78M, EV 103.1 MPH)
|
Batting: LHB Koson Hirai
|
0-0: Foul Ball, location: 2F 0-1: Called Strike 0-2: Ball 1-2: Strikes out swinging
|
Batting: LHB Soo-yeon Kym
|
0-0: DOUBLE (Groundball, 3L, EV 100.0 MPH) Carlos Ballesteros scores
|
Batting: RHB Blake Beale
|
0-0: Ball 1-0: Ground out 5-3 (Groundball, 5, EV 105.6 MPH)
|
Batting: RHB Josh Burrows
|
0-0: Ball 1-0: Called Strike 1-1: Ball 2-1: Fly out, F5 (Popup, 15, EV 82.5 MPH)
|
Top of the 1st over - 1 run, 2 hits, 0 errors, 1 left on base; Mobile 1 - Columbia 0 |
BOTTOM OF THE 1ST |
Columbia Fireflies batting - Pitching for Mobile BayBears : LHP Jesus Gallegos
|
Pitching: LHP Jesus Gallegos
|
|
Batting: RHB Omar Novoa
|
0-0: Foul Ball, location: 2F 0-1: Ball 1-1: Fly out, F7 (Line Drive, 7, EV 101.9 MPH)
|
Batting: RHB Larry Shoop
|
0-0: Reached on error, E3 (Groundball, 34S, EV 80.0 MPH)
|
Batting: RHB Jose Lara
|
Pickoff Play to 1st, Runner tries for 2nd, OUT after rundown. 0-0: Foul Ball, location: 2F 0-1: Foul Ball, location: 2F 0-2: Ball 1-2: Foul Ball, location: 2F 1-2: Ball 2-2: SINGLE (Line Drive, 4MD, EV 108.8 MPH)
|
Batting: RHB Andy Carrell
|
0-0: Called Strike 0-1: Ball 1-1: Called Strike 1-2: Foul Ball, location: 2F 1-2: Fly out, F8 (Flyball, 8RM, EV 93.1 MPH)
|
Bottom of the 1st over - 0 runs, 1 hit, 1 error, 1 left on base; Mobile 1 - Columbia 0 |
TOP OF THE 2ND |
Mobile BayBears batting - Pitching for Columbia Fireflies : RHP Barney Pederson
|
Batting: RHB Will Washburn
|
0-0: Fly out, F3 (Popup, 34, EV 80.0 MPH)
|
Batting: RHB Paul Schreiber
|
0-0: Ball 1-0: Called Strike 1-1: Swinging Strike 1-2: Ground out 4-3 (Groundball, 4, EV 92.5 MPH)
|
Batting: RHB Franklin Villanueva
|
0-0: Ball 1-0: Ball 2-0: Foul Ball, location: 2F 2-1: SINGLE (Line Drive, 89S, EV 93.8 MPH)
|
Batting: RHB Yasuo Nakata
|
0-0: Called Strike 0-1: Ball 1-1: SINGLE (Groundball, 6D, EV 97.5 MPH) Franklin Villanueva to second Runner from 2nd tries for 3rd, SAFE, throw by CF made to third
|
Batting: RHB Carlos Ballesteros
|
0-0: Ball 1-0: SINGLE (Groundball, 6MS, EV 71.9 MPH) (infield hit) Franklin Villanueva scores Yasuo Nakata to second
|
Batting: LHB Koson Hirai
|
0-0: Fly out, F9 (Line Drive, 9, EV 91.2 MPH)
|
Top of the 2nd over - 1 run, 3 hits, 0 errors, 2 left on base; Mobile 2 - Columbia 0 |
BOTTOM OF THE 2ND |
Columbia Fireflies batting - Pitching for Mobile BayBears : LHP Jesus Gallegos
|
Batting: SHB Justin Wallace
|
0-0: Ball 1-0: Ball 2-0: Called Strike 2-1: Ball 3-1: Fly out, F9 (Flyball, 89M, EV 93.1 MPH)
|
Batting: RHB Dan Muse
|
0-0: Ball 1-0: Ground out 6-3 (Groundball, 6, EV 85.0 MPH)
|
Batting: LHB Tony Leyba
|
0-0: Foul Ball, location: 2F 0-1: Ground out 6-3 (Groundball, 4MD, EV 87.5 MPH)
|
Bottom of the 2nd over - 0 runs, 0 hits, 0 errors, 0 left on base; Mobile 2 - Columbia 0 |
TOP OF THE 3RD |
Mobile BayBears batting - Pitching for Columbia Fireflies : RHP Barney Pederson
|
Batting: LHB Soo-yeon Kym
|
0-0: Foul Ball, location: 2F 0-1: Foul Ball, location: 2F 0-2: Foul Ball, location: 2F 0-2: Foul Ball, location: 2F 0-2: Ball 1-2: Ball 2-2: Ground out 5-3 (Groundball, 56, EV 86.2 MPH)
|
Batting: RHB Blake Beale
|
0-0: Ball 1-0: Ball 2-0: Called Strike 2-1: Ball 3-1: Base on Balls
|
Batting: RHB Josh Burrows
|
0-0: Foul Ball, location: 2F 0-1: Swinging Strike 0-2: Ball 1-2: Fielders Choice at 2nd, 6-4 (Groundball, 6M, EV 107.5 MPH)
|
Batting: RHB Will Washburn
|
0-0: Ball 1-0: Called Strike 1-1: Ball 2-1: Ball 3-1: Fly out, F9 (Flyball, 9S, EV 82.5 MPH)
|
Top of the 3rd over - 0 runs, 0 hits, 0 errors, 1 left on base; Mobile 2 - Columbia 0 |
BOTTOM OF THE 3RD |
Columbia Fireflies batting - Pitching for Mobile BayBears : LHP Jesus Gallegos
|
Batting: LHB Preston Knaak
|
0-0: SINGLE (Groundball, 34D, EV 105.6 MPH)
|
Batting: RHB Fathi Addae
|
0-0: Swinging Strike 0-1: Ball 1-1: Ball 2-1: Foul Ball, location: 2F 2-2: Ball 3-2: Fielders Choice at 2nd, 4-6 (Groundball, 4, EV 82.5 MPH)
|
Batting: RHB Omar Novoa
|
0-0: Ball 1-0: Ball 2-0: Ball 3-0: Called Strike 3-1: Base on Balls Fathi Addae to second
|
Batting: RHB Larry Shoop
|
0-0: Grounds into double play, 1-6-3 (Groundball, 13S, EV 65.0 MPH)
|
Bottom of the 3rd over - 0 runs, 1 hit, 0 errors, 1 left on base; Mobile 2 - Columbia 0 |
TOP OF THE 4TH |
Mobile BayBears batting - Pitching for Columbia Fireflies : RHP Barney Pederson
|
Batting: RHB Paul Schreiber
|
0-0: Ground out 5-3 (Groundball, 56, EV 80.0 MPH)
|
Batting: RHB Franklin Villanueva
|
0-0: Ball 1-0: Ball 2-0: Swinging Strike 2-1: Foul Ball, location: 2F 2-2: Ball 3-2: Ground out 5-3 (Groundball, 56, EV 76.2 MPH)
|
Batting: RHB Yasuo Nakata
|
0-0: Ball 1-0: Ball 2-0: Ground out 5-3 (Groundball, 56, EV 99.4 MPH)
|
Top of the 4th over - 0 runs, 0 hits, 0 errors, 0 left on base; Mobile 2 - Columbia 0 |
BOTTOM OF THE 4TH |
Columbia Fireflies batting - Pitching for Mobile BayBears : LHP Jesus Gallegos
|
Batting: RHB Jose Lara
|
0-0: Ball 1-0: Called Strike 1-1: Fly out, F3 (Popup, 3S, EV 71.2 MPH)
|
Batting: RHB Andy Carrell
|
0-0: Foul Ball, location: 2F 0-1: Fly out, F2 (Popup, 15S, EV 92.5 MPH)
|
Batting: SHB Justin Wallace
|
0-0: Ball 1-0: Ground out 1-3 (Groundball, P, EV 68.1 MPH)
|
Bottom of the 4th over - 0 runs, 0 hits, 0 errors, 0 left on base; Mobile 2 - Columbia 0 |
TOP OF THE 5TH |
Mobile BayBears batting - Pitching for Columbia Fireflies : RHP Barney Pederson
|
Batting: RHB Carlos Ballesteros
|
0-0: Called Strike 0-1: Foul Ball, location: 2F 0-2: Ball 1-2: Foul Ball, location: 2F 1-2: Ground out 6-3 (Groundball, 6, EV 85.6 MPH)
|
Batting: LHB Koson Hirai
|
0-0: Ball 1-0: Ground out U3 (Groundball, 3L, EV 91.9 MPH)
|
Batting: LHB Soo-yeon Kym
|
0-0: Ball 1-0: Ball 2-0: Ball 3-0: Called Strike 3-1: Ground out 5-3 (Groundball, 56S, EV 90.0 MPH)
|
Top of the 5th over - 0 runs, 0 hits, 0 errors, 0 left on base; Mobile 2 - Columbia 0 |
BOTTOM OF THE 5TH |
Columbia Fireflies batting - Pitching for Mobile BayBears : LHP Jesus Gallegos
|
Batting: RHB Dan Muse
|
0-0: Ball 1-0: Foul Ball, location: 2F 1-1: Ball 2-1: Ball 3-1: Foul Ball, location: 2F 3-2: Base on Balls
|
Batting: LHB Tony Leyba
|
0-0: Called Strike 0-1: Ball 1-1: Fly out, F6 (Line Drive, 6, EV 70.0 MPH)
|
Batting: LHB Preston Knaak
|
0-0: Swinging Strike 0-1: Ball 1-1: SINGLE (Groundball, 34D, EV 101.9 MPH) Dan Muse to second Runner from 2nd tries for 3rd, SAFE, throw by RF made to third
|
Batting: RHB Fathi Addae
|
0-0: Ball 1-0: Ball 2-0: Grounds into double play, 5-4-3 (Groundball, 56, EV 100.6 MPH)
|
Bottom of the 5th over - 0 runs, 1 hit, 0 errors, 1 left on base; Mobile 2 - Columbia 0 |
TOP OF THE 6TH |
Mobile BayBears batting - Pitching for Columbia Fireflies : RHP Barney Pederson
|
Batting: RHB Blake Beale
|
0-0: Ball 1-0: Foul Ball, location: 2F 1-1: Swinging Strike 1-2: Ball 2-2: Ground out 6-3 (Groundball, 56, EV 92.5 MPH)
|
Batting: RHB Josh Burrows
|
0-0: Fly out, F9 (Flyball, 89M, EV 85.6 MPH)
|
Batting: RHB Will Washburn
|
0-0: Foul Ball, location: 2F 0-1: Ball 1-1: Ground out 4-3 (Groundball, 4, EV 90.0 MPH)
|
Top of the 6th over - 0 runs, 0 hits, 0 errors, 0 left on base; Mobile 2 - Columbia 0 |
BOTTOM OF THE 6TH |
Columbia Fireflies batting - Pitching for Mobile BayBears : LHP Jesus Gallegos
|
Batting: RHB Omar Novoa
|
0-0: Ball 1-0: Ground out 4-3 (Groundball, 4, EV 83.8 MPH)
|
Batting: RHB Larry Shoop
|
0-0: DOUBLE (Groundball, 5L, EV 105.0 MPH)
|
Batting: RHB Jose Lara
|
0-0: SINGLE (Groundball, 6MD, EV 103.8 MPH) Larry Shoop to third Runner from 3rd tries for Home, SAFE, throw by CF to home
|
Batting: RHB Andy Carrell
|
0-0: Ball 1-0: Called Strike 1-1: Foul Ball, location: 2F 1-2: Ball 2-2: Ball 3-2: SINGLE (Flyball, 9S, EV 88.1 MPH) Jose Lara to second Runner from 2nd tries for 3rd, SAFE, throw by RF made to third
|
Batting: SHB Justin Wallace
|
0-0: Called Strike Andy Carrell steals 2nd base 0-1: Swinging Strike 0-2: Foul Ball, location: 2F 0-2: Ball 1-2: Strikes out swinging
|
Batting: RHB Dan Muse
|
0-0: Called Strike 0-1: Ground out 5-3 (Groundball, 56S, EV 85.6 MPH)
|
Bottom of the 6th over - 1 run, 3 hits, 0 errors, 2 left on base; Mobile 2 - Columbia 1 |
TOP OF THE 7TH |
Mobile BayBears batting - Pitching for Columbia Fireflies : RHP Barney Pederson
|
Batting: RHB Paul Schreiber
|
0-0: Ground out 6-3 (Groundball, 6, EV 90.0 MPH)
|
Batting: RHB Franklin Villanueva
|
0-0: Called Strike 0-1: Foul Ball, location: 2F 0-2: Foul Ball, location: 2F 0-2: Ground out 5-3 (Groundball, 56, EV 77.5 MPH)
|
Batting: RHB Yasuo Nakata
|
0-0: Called Strike 0-1: SINGLE (Groundball, 56D, EV 105.6 MPH)
|
Batting: RHB Carlos Ballesteros
|
0-0: Called Strike Yasuo Nakata steals 2nd base (no throw) 0-1: Ball 1-1: Foul Ball, location: 2F 1-2: Ball 2-2: Foul Ball, location: 2F 2-2: Foul Ball, location: 2F 2-2: Foul Ball, location: 2F 2-2: Fly out, F8 (Line Drive, 8LM, EV 105.6 MPH)
|
Top of the 7th over - 0 runs, 1 hit, 0 errors, 1 left on base; Mobile 2 - Columbia 1 |
BOTTOM OF THE 7TH |
Columbia Fireflies batting - Pitching for Mobile BayBears : LHP Jesus Gallegos
|
Batting: LHB Tony Leyba
|
0-0: Foul Ball, location: 2F 0-1: Fly out, F7 (Flyball, 7S, EV 91.9 MPH)
|
Batting: LHB Preston Knaak
|
0-0: Called Strike 0-1: Fly out, F8 (Line Drive, 8LD, EV 93.1 MPH)
|
Batting: RHB Fathi Addae
|
0-0: SINGLE (Groundball, 6MD, EV 101.9 MPH)
|
Batting: RHB Omar Novoa
|
0-0: Ball 1-0: Called Strike Fathi Addae is caught stealing 2nd base 2-4
|
Bottom of the 7th over - 0 runs, 1 hit, 0 errors, 0 left on base; Mobile 2 - Columbia 1 |
TOP OF THE 8TH |
Mobile BayBears batting - Pitching for Columbia Fireflies : RHP Barney Pederson
|
Batting: LHB Koson Hirai
|
0-0: Ball 1-0: Ball 2-0: Foul Ball, location: 2F 2-1: Fly out, F8 (Flyball, 8RXD, EV 91.9 MPH)
|
Batting: LHB Soo-yeon Kym
|
0-0: Ball 1-0: Ball 2-0: Foul Ball, location: 2F 2-1: Ball 3-1: Foul Ball, location: 2F 3-2: Strikes out looking
|
Batting: RHB Blake Beale
|
0-0: Ball 1-0: Called Strike 1-1: Ball 2-1: Swinging Strike 2-2: Ground out 6-3 (Groundball, 6, EV 109.4 MPH)
|
Top of the 8th over - 0 runs, 0 hits, 0 errors, 0 left on base; Mobile 2 - Columbia 1 |
BOTTOM OF THE 8TH |
Columbia Fireflies batting - Pitching for Mobile BayBears : LHP Jesus Gallegos
|
Batting: RHB Omar Novoa
|
0-0: Ground out 4-3 (Groundball, 4, EV 103.8 MPH)
|
Batting: RHB Larry Shoop
|
0-0: Ball 1-0: Ball 2-0: SINGLE (Line Drive, 8RS, EV 100.0 MPH)
|
Batting: RHB Jose Lara
|
0-0: Ball 1-0: Ball 2-0: Ball 3-0: Base on Balls Larry Shoop to second
|
Pitching: RHP Jason Hammons
|
|
Batting: RHB Andy Carrell
|
0-0: Called Strike 0-1: Ball 1-1: Called Strike 1-2: Grounds into double play, 6-4-3 (Groundball, 6, EV 88.8 MPH)
|
Bottom of the 8th over - 0 runs, 1 hit, 0 errors, 1 left on base; Mobile 2 - Columbia 1 |
TOP OF THE 9TH |
Mobile BayBears batting - Pitching for Columbia Fireflies : RHP Barney Pederson
|
Pitching: LHP Bubba Fields
|
|
Batting: RHB Josh Burrows
|
0-0: Called Strike 0-1: Ball 1-1: Foul Ball, location: 2F 1-2: Foul Ball, location: 2F 1-2: Strikes out looking
|
Batting: RHB Will Washburn
|
0-0: Foul Ball, location: 2F 0-1: Ball 1-1: Ball 2-1: Called Strike 2-2: Fly out, F9 (Flyball, 9, EV 76.2 MPH)
|
Batting: RHB Paul Schreiber
|
0-0: Ball 1-0: Swinging Strike 1-1: Called Strike 1-2: Ball 2-2: Ground out U3 (Groundball, 3, EV 81.2 MPH)
|
Top of the 9th over - 0 runs, 0 hits, 0 errors, 0 left on base; Mobile 2 - Columbia 1 |
BOTTOM OF THE 9TH |
Columbia Fireflies batting - Pitching for Mobile BayBears : RHP Jason Hammons
|
Pitching: RHP Edwin Martinez
|
|
Now at 1B: T.J. Duvall
|
|
Batting: SHB Justin Wallace
|
0-0: Called Strike 0-1: Foul Ball, location: 2F 0-2: Ball 1-2: Fly out, F5 (Popup, 5, EV 71.2 MPH)
|
Batting: RHB Dan Muse
|
0-0: Foul Ball, location: 2F 0-1: Ball 1-1: Ball 2-1: Ground out 4-3 (Groundball, 34, EV 91.9 MPH)
|
Batting: LHB Tony Leyba
|
0-0: Foul Ball, location: 2F 0-1: Ball 1-1: DOUBLE (Line Drive, 9LM, EV 100.0 MPH)
|
Batting: LHB Preston Knaak
|
0-0: Called Strike 0-1: Called Strike 0-2: Ball 1-2: Ball Passed Ball! Tony Leyba to third 2-2: Strikes out swinging
|
Bottom of the 9th over - 0 runs, 1 hit, 0 errors, 1 left on base; Mobile 2 - Columbia 1 |
|